 Dungeon Crawl Stone Soup version 0.21.1-1-g345015f (webtiles) character file.

92 monkeygenral the Skirmisher (level 4, -4/44 HPs)
             Began as an Ogre Berserker on June 10, 2018.
             Was a Believer of Trog.
             Slain by Natasha (8 damage)
             ... on level 2 of the Dungeon.
             The game lasted 00:10:15 (1429 turns).

monkeygenral the Skirmisher (Ogre Berserker)        Turns: 1429, Time: 00:10:16

Health: -4/44      AC:  7    Str: 22    XL:     4   Next: 60%
Magic:  4/4        EV: 10    Int:  8    God:    Trog [**....]
Gold:   85         SH:  0    Dex:  8    Spells: 3/3 levels left

rFire    . . .     SeeInvis .   a - +0 mace
rCold    . . .     Gourm    .   (no shield)
rNeg     . . .     Faith    .   b - +2 animal skin
rPois    .         Spirit   .   (helmet restricted)
rElec    .         Reflect  .   (no cloak)
rCorr    .         Harm     .   (gloves unavailable)
MR       .....     Rnd*Tele +   (boots unavailable)
Stlth    +.........             (no amulet)
HPRegen  0.14/turn              i - ring of teleportation (curse)
MPRegen  0.09/turn              (no ring)

@: berserk cooldown, slowed, very slow
A: large, unfitting armour, talons 1, iridescent scales 1, frail 1, tough skin 1
a: Berserk, Trog's Hand, Burn Spellbooks, Renounce Religion


You were on level 2 of the Dungeon.
You worshipped Trog.
Trog was pleased with you.
You were not hungry.

You visited 1 branch of the dungeon, and saw 2 of its levels.

You collected 85 gold pieces.

Inventory:

Hand Weapons
 a - a +0 mace (weapon)
Missiles
 h - 5 stones (quivered)
Armour
 b - a +2 animal skin (worn)
 d - a +0 chain mail
 e - a +0 scale mail
Jewellery
 i - a cursed ring of teleportation (left hand)


   Skills:
 + Level 4.8 Fighting
 + Level 3.8 Maces & Flails
 + Level 3.4 Dodging


You had 3 spell levels left.
You didn't know any spells.

Dungeon Overview and Level Annotations

Branches:
Dungeon (2/15)

Altars:

Annotations:
D:2 Natasha


Innate Abilities, Weirdness & Mutations

You are too large for most types of armour.
You have tough skin. (AC +1)
You have sharp toenails.
You are partially covered in iridescent scales. (AC +2)
You are frail. (-10% HP)


Message History

Your toenails lengthen and sharpen.
The bat hits you.
* * * LOW HITPOINT WARNING * * *
The bat barely misses you. Natasha claws you but does no damage.
The kobold hits you but does no damage.
The giant cockroach bites you but does no damage. x2
The iron imp barely misses you. Natasha closely misses you.
The kobold hits you but does no damage. The giant cockroach barely misses you.
The crimson imp blinks!
You feel extremely strange.
You feel stupid.
You feel conductive.
Your talons look more like feet.
You feel frail.
Iridescent scales grow over part of your body.
The bat hits you but does no damage.
The giant cockroach bites you but does no damage.
The crimson imp hits you but does no damage.
Natasha howls an incantation.
Natasha shimmers violently.
Natasha claws you!
You die...

.............
.........................
........................#
........................##
.................... .....
...................#....#
.......<...........#..#
.##...........#hs5....#
.5.....@K..# ......5.s..#
.#.#............
#......b.......
#####.#...>....##
...............#
.............$.###..
#.........#......>
#.......>......#


You could see an iron imp, Natasha, 2 crimson imps, 2 giant cockroaches, a bat
and a kobold.

Vanquished Creatures
  Natasha (D:2)
  3 adders (D:2)
  A worm (D:1)
  2 dart slugs
  A leopard gecko (D:1)
  2 giant cockroaches
  3 goblins (D:1)
  5 hobgoblins
  2 jackals (D:1)
  3 kobolds
  3 bats (D:1)
  3 frilled lizards
  5 rats (D:1)
34 creatures vanquished.

Notes
Turn   | Place    | Note
-------+----------+-------------------------------------------
     0 | D:1      | monkeygenral the Ogre Berserker began the quest for the Orb.
     0 | D:1      | Reached XP level 1. HP: 24/24 MP: 1/1
    95 | D:1      | Reached XP level 2. HP: 12/32 MP: 2/2
   588 | D:1      | Reached XP level 3. HP: 38/40 MP: 3/3
   919 | D:2      | Reached ** piety under Trog
  1180 | D:2      | Noticed Natasha
  1183 | D:2      | Killed Natasha
  1183 | D:2      | Reached XP level 4. HP: 48/49 MP: 4/4
  1420 | D:2      | Noticed Natasha
  1428 | D:2      | Gained mutation: You have sharp toenails. [potion of mutation]
  1428 | D:2      | Gained mutation: Your mind is acute. (Int +2) [potion of mutation]
  1428 | D:2      | Gained mutation: You are resistant to electric shocks. (rElec) [potion of mutation]
  1428 | D:2      | Gained mutation: You have razor-sharp toenails. [potion of mutation]
  1429 | D:2      | Lost mutation: Your mind is acute. (Int +2) [potion of mutation]
  1429 | D:2      | Lost mutation: You are resistant to electric shocks. (rElec) [potion of mutation]
  1429 | D:2      | Lost mutation: You have razor-sharp toenails. [potion of mutation]
  1429 | D:2      | Gained mutation: You are frail. (-10% HP) [potion of mutation]
  1429 | D:2      | Gained mutation: You are partially covered in iridescent scales. (AC +2) [potion of mutation]
  1429 | D:2      | Slain by Natasha

Skill      XL: |  1  2 |
---------------+-------+-----
Maces & Flails | 3 |  3.8
Dodging        | 3 |  3.4
Fighting       | |  4.8

Action                   |  1- 3 |  4- 6 || total
-------------------------+-------+-------++-------
Melee: Mace              |    98 |    14 ||   112
Invok: Berserk           |     2 |     1 ||     3
       Trog's Hand       |       |     1 ||     1
  Use: Scroll            |     3 |     1 ||     4
       Potion            |       |     2 ||     2
  Eat: Ration            |     1 |     1 ||     2
Armor: Animal skin       |    53 |    21 ||    74
Dodge: Dodged            |    87 |    37 ||   124
